 Dungeon Crawl Stone Soup version 0.18-a0-705-g580043c (webtiles) character file.

119 4thArraOfDagon the Cudgeler (level 5, 0/57 HPs)
             Began as an Ogre Berserker on Dec 7, 2015.
             Was a Follower of Trog.
             Slain by an orc
             ... wielding a +0 whip
              (2 damage)
             ... on level 6 of the Dungeon.
             The game lasted 00:02:24 (353 turns).

4thArraOfDagon the Cudgeler (Ogre Berserker)         Turns: 353, Time: 00:02:24

Health: 0/57       AC:  3    Str: 22      XL:     5   Next: 3%
Magic:  5/5        EV: 10    Int:  5 (7)  God:    Trog [*.....]
Gold:   25         SH:  0    Dex:  9      Spells: 0 memorised, 4 levels left

rFire  . . .     SeeInvis .     a - +0 mace
rCold  . . .     Clarity  .     b - +0 animal skin
rNeg   . . .     SustAt   .     (no shield)
rPois  .         Gourm    .     (helmet restricted)
rElec  .         Spirit   .     (no cloak)
rCorr  .         Dismiss  .     (gloves unavailable)
rMut   .         Stasis   .     (boots unavailable)
MR     .....                    (no amulet)
Stlth  +.........               (no ring)
                                (no ring)

@: exhausted, very slightly contaminated, hasted and slowed, not resistant to
hostile enchantments, very unstealthy
A: unfitting armour, tough skin 1
a: Berserk, Burn Spellbooks, Renounce Religion


You were on level 6 of the Dungeon.
You worshipped Trog.
Trog was aware of your devotion.
You were near starving.

You visited 1 branch of the dungeon, and saw 6 of its levels.

You collected 25 gold pieces.

Inventory:

Hand Weapons
 a - a +0 mace (weapon)
Armour
 b - a +0 animal skin (worn)
Scrolls
 d - a scroll of remove curse {unknown}
 f - a scroll of amnesia {unknown}
 g - a scroll of teleportation {unknown}
 h - 2 scrolls of random uselessness {unknown}
 j - 2 scrolls of fear {unknown}
 k - 2 scrolls of identify {unknown}
Comestibles
 c - a bread ration


   Skills:
 + Level 5.0 Fighting
 * Level 6.0 Maces & Flails
 + Level 1.4 Armour
 - Level 2.6 Dodging


You had 4 spell levels left.
You didn't know any spells.

Dungeon Overview and Level Annotations

Branches:
Dungeon (6/15)
 Temple: D:4-7

Altars:
Fedhas


Innate Abilities, Weirdness & Mutations

You are too large for most types of armour.
You have tough skin (AC +1).


Message History

You hit the orc wizard.
The orc wizard is almost dead.
The orc barely misses you.
The orc wizard casts a spell.
The orc wizard flickers and vanishes!
Deactivating autopickup; reactivate with Ctrl-A.
You sock something! Trog accepts your kill.
Trog appreciates your killing of a magic user.
Reactivating autopickup.
Your Fighting skill increases to level 5!
Your Maces & Flails skill increases to level 6!
You have reached level 5!
You feel a bit more experienced. The orc hits you with a whip.
* * * LOW HITPOINT WARNING * * *
The orc hits you with a whip.
* * * LOW HITPOINT WARNING * * *
Unknown command.
You hit the orc but do no damage. The orc hits you with a whip.
You die...

.≈≈≈.. .≈_≈..
.≈≈..#
##..≈..#
...... ###
#... ..#
####o#######.#
#..)@##....#.#
#.#####.##.#.#
#.# #.#....#
#.# #.#..#<#
#.# #.#..#.#
#.#####.#..#.#
#.......#..#.#
############.#
..#


You could see an orc.

Vanquished Creatures
  2 orc wizards (D:6)
  A worker ant (D:4)
  A hound skeleton (D:5)
  2 adders
  An orc (D:6)
  A giant cockroach (D:3)
  2 goblins
  A hobgoblin (D:2)
  4 jackals (D:3)
  4 kobolds
  2 rats
21 creatures vanquished.

Notes
Turn   | Place    | Note
--------------------------------------------------------------
     0 | D:1      | 4thArraOfDagon the Ogre Berserker began the quest for the Orb.
     0 | D:1      | Reached XP level 1. HP: 24/24 MP: 1/1
    54 | D:2      | Reached XP level 2. HP: 32/32 MP: 2/2
   172 | D:3      | Reached XP level 3. HP: 32/40 MP: 3/3
   242 | D:4      | Reached skill level 5 in Maces & Flails
   244 | D:4      | Reached skill level 1 in Armour
   278 | D:5      | Entered Level 5 of the Dungeon
   294 | D:5      | Reached XP level 4. HP: 29/49 MP: 4/4
   329 | D:6      | Found a blossoming altar of Fedhas.
   352 | D:6      | Reached skill level 5 in Fighting
   352 | D:6      | Reached skill level 6 in Maces & Flails
   352 | D:6      | Reached XP level 5. HP: 7/57 MP: 5/5
   352 | D:6      | HP: 1/57 [orc/whip (3)]
   353 | D:6      | Slain by an orc

Vault maps used:
D:1:      dpeg_arrival_round_b
D:2:      grunt_temple_overflow_open, first_bread, uniq_natasha
D:4:      serial_shops, nicolae_shop_trees, serial_bayou_pond_e, uniq_eustachio
D:5:      cheibrodos_gnoll_hut
D:6:      fedhas_altar_2, lemuel_crystal_altar,
          minmay_temple_entry_enclosed_plants

Action                   |  1- 3 |  4- 6 || total
-------------------------+-------+-------++-------
Melee: Mace              |    41 |    13 ||    54
Invok: Berserk           |     2 |     1 ||     3
  Use: Potion            |       |     2 ||     2
